[ AOE2 MATCH · #507299477 ]
UnrankedItalians vs Mongols
[ REPLAY ANALYSIS · EXTRACTED FROM THE RECORDED GAME ]
Feudal
9:25
Castle
23:53
Imperial
—
| APM avg | 42.0 |
| APM peak | 108 |
| eAPM avg | 13.4 |
| Villagers / military | 62 / 56 |
Focus
⚔️ 26.2% · 🌾 73.8%
Archer ×54 · Skirmisher ×2
Feudal
8:36
Castle
19:32
Imperial
—
| APM avg | 33.6 |
| APM peak | 72 |
| eAPM avg | 12.9 |
| Villagers / military | 77 / 53 |
Focus
⚔️ 32.6% · 🌾 67.4%
Knight ×40 · Scout Cavalry ×6 · Scorpion ×4 · Mangonel ×2 · Battering Ram ×1
Feudal
11:05
Castle
15:12
Imperial
33:56
| APM avg | 18.1 |
| APM peak | 47 |
| eAPM avg | 10.9 |
| Villagers / military | 157 / 40 |
Focus
⚔️ 22.6% · 🌾 77.4%
Mangudai ×40
Feudal
10:58
Castle
20:32
Imperial
—
| APM avg | 122.8 |
| APM peak | 214 |
| eAPM avg | 74.9 |
| Villagers / military | 123 / 77 |
Focus
⚔️ 75.2% · 🌾 24.8%
Archer ×75 · Monk ×2
Feudal
10:41
Castle
19:09
Imperial
—
| APM avg | 28.8 |
| APM peak | 106 |
| eAPM avg | 10.6 |
| Villagers / military | 79 / 23 |
Focus
⚔️ 15.4% · 🌾 84.6%
Mangudai ×10 · Knight ×7 · Scout Cavalry ×4 · Monk ×1 · Mangonel ×1
Feudal
10:32
Castle
14:05
Imperial
28:56
| APM avg | 43.5 |
| APM peak | 75 |
| eAPM avg | 23.6 |
| Villagers / military | 146 / 2 |
Focus
⚔️ 40.6% · 🌾 59.4%
Unknown (2550) ×79 · Mangonel ×2
Feudal
9:39
Castle
23:50
Imperial
—
| APM avg | 42.0 |
| APM peak | 97 |
| eAPM avg | 16.0 |
| Villagers / military | 65 / 84 |
Focus
⚔️ 27.7% · 🌾 72.3%
Archer ×82 · Spearman ×1 · Skirmisher ×1
Feudal
8:50
Castle
20:41
Imperial
—
| APM avg | 32.8 |
| APM peak | 68 |
| eAPM avg | 13.8 |
| Villagers / military | 78 / 96 |
Focus
⚔️ 40.3% · 🌾 59.7%
Archer ×95 · Spearman ×1
Match map
Initial resources + every placement click. Lines = walls · curves = elevation contours. ◆ gold · ⬟ stone · ● berries · ✦ relic · ◌ wall gap
Your base· ✓ Closed at 23:53 · 30t walls · 1 gate(s)
From Dust's base· ✓ Closed at 19:32 · 0t walls · no gate
Khoron's base· Open — unwalled flank
VIT | Hera's base· Open — unwalled flank
Burt's base· ✓ Closed at 19:09 · 0t walls · no gate
Ragemaster900's base· Open — unwalled flank
Mezsar's base· ✓ Closed at 23:50 · 2t walls · 1 gate(s)
Lord Snow's base· Open — unwalled flank
Smoothed initial terrain · ◌ = detected wall gap · hover for details
Inputs per minute
— Conqurues - - From Dust
Build order — Conqurues
First 150 of 208 actions detected
| 0:01 | Create | Villager (Male) |
| 0:01 | Create | Villager (Male) |
| 0:01 | Create | Villager (Male) |
| 0:02 | Create | Villager (Male) |
| 0:03 | Build | House |
| 0:05 | Build | House |
| 1:40 | Create | Villager (Male) |
| 1:40 | Create | Villager (Male) |
| 1:54 | Build | Lumber Camp |
| 2:07 | Create | Villager (Male) |
| 2:26 | Create | Villager (Male) |
| 2:38 | Build | House |
| 2:57 | Create | Villager (Male) |
| 2:58 | Create | Villager (Male) |
| 3:11 | Create | Villager (Male) |
| 3:11 | Create | Villager (Male) |
| 3:53 | Create | Villager (Male) |
| 3:53 | Create | Villager (Male) |
| 4:15 | Create | Villager (Male) |
| 4:36 | Create | Villager (Male) |
| 4:37 | Create | Villager (Male) |
| 4:37 | Create | Villager (Male) |
| 4:44 | Build | Mill |
| 5:10 | Create | Villager (Male) |
| 5:56 | Create | Villager (Male) |
| 6:04 | Build | House |
| 6:08 | Build | Palisade Wall |
| 6:35 | Research | Loom |
| 7:15 | Research | Feudal Age |
| 7:52 | Build | House |
| 7:55 | Build | Palisade Wall |
| 7:57 | Build | Palisade Wall |
| 9:00 | Build | Barracks |
| 9:20 | Create | Villager (Male) |
| 9:20 | Create | Villager (Male) |
| 9:25 | Age | Feudal Age |
| 9:42 | Build | Archery Range |
| 9:57 | Build | Palisade Gate |
| 10:00 | Build | Palisade Wall |
| 10:09 | Create | Villager (Male) |
| 10:38 | Create | Archer |
| 10:39 | Create | Skirmisher |
| 10:43 | Create | Villager (Male) |
| 10:44 | Create | Villager (Male) |
| 10:54 | Build | Mining Camp |
| 11:33 | Create | Villager (Male) |
| 11:36 | Create | Skirmisher |
| 11:52 | Create | Archer |
| 12:04 | Build | Blacksmith |
| 12:06 | Build | House |
| 12:10 | Create | Villager (Male) |
| 12:10 | Create | Villager (Male) |
| 12:30 | Create | Archer |
| 13:06 | Create | Villager (Male) |
| 13:07 | Create | Villager (Male) |
| 13:21 | Build | Archery Range |
| 13:25 | Research | Fletching |
| 13:28 | Create | Archer |
| 13:32 | Create | Archer |
| 13:35 | Create | Villager (Male) |
| 14:05 | Build | House |
| 14:09 | Research | Wheelbarrow |
| 14:34 | Research | Padded Archer Armor |
| 15:06 | Create | Archer |
| 15:07 | Create | Archer |
| 15:08 | Create | Archer |
| 15:08 | Create | Archer |
| 15:10 | Create | Villager (Male) |
| 15:13 | Build | Farm |
| 15:13 | Build | Farm |
| 15:13 | Build | Farm |
| 15:14 | Build | Farm |
| 15:25 | Create | Archer |
| 15:27 | Create | Archer |
| 15:59 | Build | House |
| 16:00 | Build | House |
| 16:01 | Build | House |
| 16:02 | Build | House |
| 16:10 | Create | Villager (Male) |
| 16:27 | Build | Farm |
| 16:29 | Build | Farm |
| 16:32 | Create | Villager (Male) |
| 16:49 | Research | Double-Bit Axe |
| 16:52 | Research | Horse Collar |
| 16:52 | Research | Horse Collar |
| 16:54 | Create | Archer |
| 16:56 | Create | Archer |
| 17:16 | Create | Villager (Male) |
| 17:21 | Build | Farm |
| 17:41 | Create | Villager (Male) |
| 17:42 | Create | Villager (Male) |
| 17:48 | Build | Farm |
| 18:02 | Build | Farm |
| 18:03 | Build | Farm |
| 18:07 | Build | Farm |
| 18:14 | Create | Archer |
| 18:16 | Create | Archer |
| 18:26 | Build | House |
| 18:27 | Build | House |
| 18:34 | Create | Villager (Male) |
| 18:36 | Build | Farm |
| 18:55 | Build | Farm |
| 19:00 | Create | Villager (Male) |
| 19:04 | Create | Archer |
| 19:05 | Create | Archer |
| 19:39 | Build | House |
| 19:40 | Build | House |
| 19:43 | Create | Archer |
| 19:45 | Create | Archer |
| 19:49 | Create | Archer |
| 20:00 | Create | Villager (Male) |
| 20:00 | Create | Villager (Male) |
| 20:04 | Build | Farm |
| 20:05 | Build | Farm |
| 20:13 | Build | Farm |
| 20:28 | Create | Archer |
| 20:30 | Create | Archer |
| 20:35 | Create | Archer |
| 21:05 | Create | Archer |
| 21:08 | Create | Archer |
| 21:13 | Research | Castle Age |
| 21:13 | Research | Castle Age |
| 21:25 | Build | House |
| 21:26 | Build | House |
| 21:26 | Build | House |
| 21:37 | Build | Lumber Camp |
| 21:42 | Build | House |
| 21:44 | Build | House |
| 22:00 | Create | Archer |
| 22:01 | Create | Archer |
| 22:52 | Create | Archer |
| 22:55 | Create | Archer |
| 22:56 | Create | Archer |
| 23:53 | Age | Castle Age |
| 23:57 | Research | Bodkin Arrow |
| 23:58 | Research | Bodkin Arrow |
| 24:00 | Research | Crossbowman (upgrade) |
| 24:03 | Create | Villager (Male) |
| 24:03 | Create | Villager (Male) |
| 24:04 | Create | Villager (Male) |
| 24:12 | Build | Town Center |
| 24:20 | Build | Town Center |
| 24:32 | Research | Leather Archer Armor |
| 24:32 | Research | Leather Archer Armor |
| 25:12 | Create | Villager (Male) |
| 25:13 | Create | Villager (Male) |
| 25:18 | Create | Archer |
| 25:19 | Create | Archer |
| 25:19 | Create | Archer |
| 25:19 | Create | Archer |
Build order — From Dust
First 150 of 207 actions detected
| 0:01 | Create | Villager (Male) |
| 0:01 | Create | Villager (Male) |
| 0:02 | Build | House |
| 0:04 | Build | House |
| 0:16 | Create | Villager (Male) |
| 0:16 | Create | Villager (Male) |
| 0:16 | Create | Villager (Male) |
| 0:17 | Create | Villager (Male) |
| 1:27 | Create | Villager (Male) |
| 1:27 | Create | Villager (Male) |
| 2:13 | Create | Villager (Male) |
| 2:13 | Create | Villager (Male) |
| 2:13 | Create | Villager (Male) |
| 2:33 | Build | Lumber Camp |
| 2:50 | Build | House |
| 3:21 | Create | Villager (Male) |
| 3:21 | Create | Villager (Male) |
| 3:45 | Build | House |
| 3:58 | Create | Villager (Male) |
| 3:58 | Create | Villager (Male) |
| 4:16 | Build | Mill |
| 4:18 | Create | Villager (Male) |
| 5:11 | Create | Villager (Male) |
| 5:11 | Create | Villager (Male) |
| 5:27 | Research | Loom |
| 6:25 | Research | Feudal Age |
| 7:01 | Build | Barracks |
| 8:02 | Build | House |
| 8:19 | Create | Villager (Male) |
| 8:19 | Create | Villager (Male) |
| 8:36 | Age | Feudal Age |
| 8:37 | Build | Stable |
| 8:41 | Research | Double-Bit Axe |
| 9:15 | Create | Villager (Male) |
| 9:17 | Create | Scout Cavalry |
| 9:17 | Create | Scout Cavalry |
| 9:43 | Build | Stable |
| 9:50 | Create | Villager (Male) |
| 10:00 | Build | House |
| 10:06 | Create | Villager (Male) |
| 10:09 | Build | House |
| 10:33 | Create | Scout Cavalry |
| 10:33 | Create | Scout Cavalry |
| 10:46 | Create | Villager (Male) |
| 10:46 | Create | Villager (Male) |
| 10:56 | Build | House |
| 10:58 | Create | Villager (Male) |
| 11:15 | Build | Farm |
| 11:16 | Build | Farm |
| 11:31 | Research | Horse Collar |
| 11:35 | Build | Farm |
| 11:39 | Create | Villager (Male) |
| 11:39 | Create | Villager (Male) |
| 11:43 | Build | Farm |
| 12:05 | Build | Farm |
| 12:20 | Create | Scout Cavalry |
| 12:22 | Create | Villager (Male) |
| 12:46 | Create | Villager (Male) |
| 12:52 | Build | Farm |
| 12:52 | Build | Farm |
| 12:52 | Build | Farm |
| 12:52 | Build | Farm |
| 12:52 | Build | Farm |
| 13:13 | Build | Farm |
| 13:22 | Create | Villager (Male) |
| 13:26 | Build | Mining Camp |
| 13:33 | Create | Scout Cavalry |
| 13:34 | Create | Villager (Male) |
| 13:51 | Build | House |
| 13:52 | Build | House |
| 14:27 | Build | Farm |
| 14:27 | Build | Farm |
| 14:27 | Build | Farm |
| 14:28 | Build | Farm |
| 14:28 | Build | Farm |
| 15:08 | Build | Farm |
| 15:09 | Build | Farm |
| 15:09 | Build | Farm |
| 15:09 | Build | Farm |
| 15:10 | Create | Villager (Male) |
| 15:11 | Create | Villager (Male) |
| 15:45 | Build | Market |
| 15:50 | Create | Villager (Male) |
| 16:06 | Build | Farm |
| 16:37 | Create | Villager (Male) |
| 16:42 | Build | Farm |
| 16:45 | Build | Farm |
| 17:07 | Research | Castle Age |
| 18:07 | Research | Bloodlines |
| 18:14 | Build | Blacksmith |
| 18:57 | Research | Scale Barding Armor |
| 19:32 | Age | Castle Age |
| 19:40 | Create | Villager (Male) |
| 19:49 | Build | Town Center |
| 19:51 | Create | Knight |
| 19:51 | Create | Knight |
| 19:57 | Research | Chain Barding Armor |
| 20:15 | Build | Siege Workshop |
| 20:18 | Create | Villager (Male) |
| 20:23 | Research | Wheelbarrow |
| 20:37 | Create | Villager (Male) |
| 20:53 | Build | Siege Workshop |
| 20:55 | Create | Knight |
| 20:56 | Create | Knight |
| 21:07 | Create | Villager (Male) |
| 21:17 | Create | Knight |
| 21:17 | Create | Knight |
| 21:25 | Create | Villager (Male) |
| 21:38 | Research | Bow Saw |
| 21:44 | Create | Knight |
| 21:44 | Create | Knight |
| 21:49 | Build | House |
| 21:50 | Create | Battering Ram |
| 22:14 | Create | Villager (Male) |
| 22:20 | Build | House |
| 22:28 | Create | Knight |
| 22:30 | Create | Villager (Male) |
| 22:46 | Create | Scorpion |
| 22:58 | Build | House |
| 23:01 | Create | Scorpion |
| 23:08 | Create | Knight |
| 23:08 | Create | Knight |
| 23:10 | Create | Villager (Male) |
| 23:10 | Create | Villager (Male) |
| 23:10 | Create | Villager (Male) |
| 23:18 | Research | Gold Mining |
| 23:34 | Build | House |
| 23:39 | Create | Scorpion |
| 23:49 | Create | Villager (Male) |
| 23:50 | Create | Villager (Male) |
| 24:05 | Build | House |
| 24:08 | Create | Knight |
| 24:08 | Create | Knight |
| 24:48 | Create | Knight |
| 24:48 | Create | Knight |
| 24:49 | Create | Villager (Male) |
| 24:49 | Create | Villager (Male) |
| 25:08 | Create | Scorpion |
| 25:12 | Build | House |
| 25:19 | Create | Knight |
| 25:19 | Create | Knight |
| 25:20 | Create | Villager (Male) |
| 25:20 | Create | Villager (Male) |
| 25:20 | Create | Villager (Male) |
| 25:22 | Create | Villager (Male) |
| 26:15 | Create | Villager (Male) |
| 26:16 | Create | Villager (Male) |
| 26:18 | Research | Heavy Plow |
| 26:33 | Research | Forging |
| 26:35 | Create | Knight |
Build order — Khoron
First 150 of 194 actions detected
| 0:02 | Create | Villager (Male) ×4 |
| 0:08 | Build | House |
| 0:10 | Build | House |
| 1:38 | Create | Villager (Male) |
| 2:08 | Create | Villager (Male) |
| 2:10 | Build | Lumber Camp |
| 2:23 | Create | Villager (Male) |
| 2:53 | Create | Villager (Male) |
| 2:57 | Create | Villager (Male) |
| 3:36 | Build | House |
| 3:40 | Create | Villager (Male) |
| 3:48 | Create | Villager (Male) |
| 4:17 | Build | Mill |
| 4:39 | Create | Villager (Male) ×4 |
| 5:34 | Create | Villager (Male) ×3 |
| 6:23 | Build | Farm |
| 6:24 | Build | Farm |
| 6:38 | Create | Villager (Male) ×5 |
| 6:39 | Create | Villager (Male) ×2 |
| 6:42 | Build | House |
| 6:50 | Research | Loom |
| 6:51 | Create | Villager (Male) ×5 |
| 7:06 | Create | Villager (Male) ×5 |
| 7:32 | Build | Farm |
| 7:56 | Build | Farm |
| 8:18 | Research | Feudal Age |
| 8:42 | Build | Mining Camp |
| 9:18 | Create | Villager (Male) ×5 |
| 9:18 | Create | Villager (Male) |
| 9:30 | Build | House |
| 9:51 | Build | Farm |
| 11:05 | Age | Feudal Age |
| 11:15 | Build | Market |
| 11:27 | Build | Blacksmith |
| 12:17 | Build | Farm |
| 12:32 | Research | Castle Age |
| 12:32 | Research | Castle Age |
| 12:44 | Build | Farm |
| 12:52 | Build | Farm |
| 13:11 | Create | Villager (Male) |
| 13:35 | Build | Mining Camp |
| 13:39 | Research | Double-Bit Axe |
| 14:10 | Create | Villager (Male) ×2 |
| 15:12 | Age | Castle Age |
| 15:13 | Create | Villager (Male) ×4 |
| 15:29 | Build | Town Center |
| 15:38 | Build | Farm |
| 16:58 | Build | House |
| 16:59 | Build | House |
| 17:36 | Build | Farm |
| 17:51 | Create | Villager (Male) ×5 |
| 18:02 | Build | Farm |
| 18:18 | Build | Farm |
| 18:25 | Build | Farm |
| 18:45 | Build | Farm |
| 18:52 | Build | Farm |
| 18:58 | Create | Villager (Male) ×5 |
| 18:58 | Create | Villager (Male) ×5 |
| 19:11 | Build | Farm |
| 19:16 | Build | Farm |
| 19:55 | Build | Farm |
| 20:01 | Build | Farm |
| 20:13 | Create | Villager (Male) ×5 |
| 20:31 | Build | Town Center |
| 20:46 | Build | House |
| 20:47 | Build | House |
| 20:48 | Build | House |
| 21:01 | Create | Villager (Male) ×5 |
| 21:30 | Build | Town Center |
| 21:41 | Create | Villager (Male) ×5 |
| 22:10 | Build | House |
| 22:12 | Build | House |
| 22:13 | Build | House |
| 22:17 | Create | Villager (Male) ×4 |
| 22:33 | Research | Bow Saw |
| 22:38 | Research | Horse Collar |
| 22:39 | Research | Horse Collar |
| 22:48 | Research | Wheelbarrow |
| 22:50 | Create | Villager (Male) ×4 |
| 22:58 | Create | Villager (Male) |
| 23:05 | Build | Farm |
| 23:06 | Build | Farm |
| 23:06 | Build | Farm |
| 23:20 | Build | Farm |
| 23:21 | Build | Farm |
| 23:21 | Build | Farm |
| 23:26 | Create | Villager (Male) ×2 |
| 23:39 | Research | Heavy Plow |
| 23:55 | Build | Farm |
| 24:01 | Build | Farm |
| 24:01 | Build | Farm |
| 24:04 | Build | Farm |
| 24:05 | Build | Farm |
| 24:12 | Create | Villager (Male) ×3 |
| 24:22 | Build | House |
| 24:22 | Build | House |
| 24:23 | Build | House |
| 24:31 | Research | Fletching |
| 24:41 | Build | Farm |
| 24:41 | Build | Farm |
| 24:41 | Build | Farm |
| 24:41 | Build | Farm |
| 24:41 | Build | Farm |
| 24:48 | Create | Villager (Male) ×4 |
| 24:52 | Create | Villager (Male) |
| 24:52 | Create | Villager (Male) |
| 25:05 | Build | Barracks |
| 25:13 | Build | Farm |
| 25:17 | Build | Farm |
| 25:17 | Build | Farm |
| 25:21 | Create | Villager (Male) ×5 |
| 25:39 | Build | House |
| 25:40 | Build | House |
| 25:40 | Build | House |
| 25:40 | Build | House |
| 25:41 | Build | House |
| 25:41 | Build | House |
| 25:44 | Create | Villager (Male) ×5 |
| 25:55 | Build | Farm |
| 25:55 | Build | Farm |
| 25:55 | Build | Farm |
| 25:55 | Build | Farm |
| 26:01 | Build | Farm |
| 26:01 | Build | Farm |
| 26:03 | Build | Farm |
| 26:03 | Build | Farm |
| 26:15 | Build | Stable |
| 26:17 | Create | Villager (Male) ×5 |
| 26:18 | Create | Villager (Male) ×2 |
| 26:30 | Research | Gold Mining |
| 26:39 | Create | Villager (Male) ×3 |
| 27:02 | Research | Stone Mining |
| 27:03 | Create | Villager (Male) ×4 |
| 27:29 | Create | Villager (Male) ×5 |
| 27:32 | Research | Hand Cart |
| 27:40 | Build | House |
| 27:40 | Build | House |
| 27:40 | Build | House |
| 27:41 | Build | House |
| 27:41 | Build | House |
| 27:41 | Build | House |
| 27:42 | Build | House |
| 27:42 | Build | House |
| 27:42 | Build | House |
| 28:18 | Build | Mining Camp |
| 28:21 | Create | Villager (Male) ×5 |
| 28:22 | Create | Villager (Male) ×5 |
| 28:22 | Create | Villager (Male) ×5 |
| 28:56 | Create | Villager (Male) ×5 |
| 28:57 | Create | Villager (Male) ×5 |
Build order — VIT | Hera
First 150 of 316 actions detected
| 0:00 | Create | Villager (Male) |
| 0:00 | Create | Villager (Male) |
| 0:01 | Create | Villager (Male) |
| 0:01 | Create | Villager (Male) |
| 0:03 | Build | House |
| 0:03 | Build | House |
| 1:23 | Create | Villager (Male) |
| 1:24 | Create | Villager (Male) |
| 2:00 | Create | Villager (Male) |
| 2:00 | Create | Villager (Male) |
| 2:14 | Build | Lumber Camp |
| 2:24 | Build | Lumber Camp |
| 2:29 | Create | Villager (Male) |
| 2:30 | Create | Villager (Male) |
| 2:54 | Create | Villager (Male) |
| 2:54 | Create | Villager (Male) |
| 3:19 | Create | Villager (Male) |
| 3:20 | Create | Villager (Male) |
| 3:33 | Build | House |
| 3:47 | Build | House |
| 3:48 | Build | House |
| 4:05 | Create | Villager (Male) |
| 4:10 | Create | Villager (Male) |
| 4:10 | Create | Villager (Male) |
| 4:10 | Create | Villager (Male) |
| 4:12 | Build | House |
| 4:59 | Create | Villager (Male) |
| 4:59 | Create | Villager (Male) |
| 5:00 | Create | Villager (Male) |
| 6:42 | Create | Villager (Male) |
| 7:06 | Create | Villager (Male) |
| 7:16 | Build | Mill |
| 7:33 | Create | Villager (Male) |
| 7:56 | Create | Villager (Male) |
| 8:18 | Build | Mining Camp |
| 8:20 | Research | Loom |
| 8:32 | Build | House |
| 8:33 | Build | House |
| 8:35 | Build | Palisade Wall |
| 8:47 | Research | Feudal Age |
| 9:38 | Build | Barracks |
| 10:07 | Build | Lumber Camp |
| 10:43 | Create | Villager (Male) |
| 10:58 | Age | Feudal Age |
| 10:59 | Build | Archery Range |
| 11:05 | Build | Archery Range |
| 11:15 | Create | Villager (Male) |
| 11:17 | Research | Double-Bit Axe |
| 11:20 | Create | Villager (Male) |
| 11:20 | Create | Villager (Male) |
| 11:30 | Build | House |
| 11:35 | Create | Villager (Male) |
| 11:50 | Create | Villager (Male) |
| 11:58 | Create | Archer |
| 12:01 | Create | Archer |
| 12:07 | Build | Blacksmith |
| 12:27 | Create | Archer |
| 12:27 | Create | Archer |
| 12:41 | Create | Villager (Male) |
| 12:47 | Create | Villager (Male) |
| 13:03 | Create | Archer |
| 13:04 | Create | Archer |
| 13:04 | Create | Villager (Male) |
| 13:05 | Build | Farm |
| 13:06 | Build | Farm |
| 13:08 | Build | Farm |
| 13:15 | Research | Fletching |
| 13:15 | Research | Fletching |
| 13:19 | Create | Villager (Male) |
| 13:19 | Create | Villager (Male) |
| 13:24 | Build | Farm |
| 13:26 | Create | Villager (Male) |
| 13:36 | Create | Archer |
| 13:36 | Create | Archer |
| 13:47 | Research | Padded Archer Armor |
| 13:47 | Research | Padded Archer Armor |
| 13:50 | Build | Farm |
| 13:51 | Create | Villager (Male) |
| 13:53 | Create | Villager (Male) |
| 14:02 | Build | Farm |
| 14:04 | Build | Farm |
| 14:08 | Create | Villager (Male) |
| 14:08 | Create | Archer |
| 14:08 | Create | Archer |
| 14:46 | Build | Farm |
| 14:48 | Build | Farm |
| 14:50 | Create | Archer |
| 14:50 | Create | Archer |
| 14:57 | Build | House |
| 14:59 | Build | House |
| 15:10 | Build | House |
| 15:15 | Research | Wheelbarrow |
| 15:15 | Research | Wheelbarrow |
| 15:18 | Build | Farm |
| 15:19 | Build | Farm |
| 15:33 | Create | Villager (Male) |
| 15:45 | Create | Villager (Male) |
| 15:52 | Build | Farm |
| 15:55 | Create | Archer |
| 15:55 | Create | Archer |
| 16:01 | Build | Palisade Wall |
| 16:13 | Create | Villager (Male) |
| 16:31 | Build | Farm |
| 16:32 | Build | Farm |
| 16:37 | Create | Archer |
| 16:37 | Create | Archer |
| 16:40 | Create | Villager (Male) |
| 16:48 | Build | Farm |
| 16:59 | Create | Villager (Male) |
| 17:12 | Create | Villager (Male) |
| 17:21 | Create | Archer |
| 17:21 | Create | Archer |
| 17:52 | Research | Castle Age |
| 17:53 | Research | Castle Age |
| 18:15 | Research | Gold Mining |
| 18:16 | Research | Gold Mining |
| 18:36 | Create | Archer |
| 18:37 | Create | Archer |
| 18:37 | Create | Archer |
| 18:45 | Build | House |
| 18:46 | Build | House |
| 18:47 | Build | House |
| 18:47 | Build | House |
| 19:03 | Create | Archer |
| 19:07 | Research | Horse Collar |
| 19:07 | Research | Horse Collar |
| 19:33 | Create | Archer |
| 19:33 | Create | Archer |
| 19:59 | Create | Villager (Male) |
| 20:11 | Create | Archer |
| 20:12 | Create | Archer |
| 20:15 | Build | House |
| 20:15 | Build | House |
| 20:16 | Build | House |
| 20:16 | Build | House |
| 20:32 | Age | Castle Age |
| 20:41 | Create | Villager (Male) |
| 21:02 | Research | Crossbowman (upgrade) |
| 21:02 | Research | Crossbowman (upgrade) |
| 21:02 | Research | Bodkin Arrow |
| 21:03 | Research | Bow Saw |
| 21:06 | Build | University |
| 21:20 | Create | Villager (Male) |
| 21:33 | Create | Archer |
| 21:34 | Create | Archer |
| 21:40 | Create | Villager (Male) |
| 21:49 | Build | Farm |
| 21:56 | Create | Archer |
| 21:56 | Create | Archer |
| 22:08 | Build | Town Center |
Build order — Burt
First 150 of 177 actions detected
| 0:06 | Build | House |
| 0:07 | Build | House |
| 0:08 | Create | Villager (Male) |
| 0:08 | Create | Villager (Male) |
| 0:08 | Create | Villager (Male) |
| 0:09 | Create | Villager (Male) |
| 2:01 | Build | Lumber Camp |
| 2:03 | Create | Villager (Male) |
| 2:28 | Create | Villager (Male) |
| 2:31 | Create | Villager (Male) |
| 3:14 | Create | Villager (Male) |
| 3:20 | Research | Loom |
| 4:03 | Create | Villager (Male) |
| 4:03 | Create | Villager (Male) |
| 4:25 | Build | House |
| 5:01 | Build | Mill |
| 5:10 | Create | Villager (Male) |
| 5:11 | Create | Villager (Male) |
| 5:13 | Create | Villager (Male) |
| 5:56 | Create | Villager (Male) |
| 5:56 | Create | Villager (Male) |
| 5:57 | Create | Villager (Male) |
| 6:43 | Build | House |
| 6:48 | Create | Villager (Male) |
| 6:49 | Create | Villager (Male) |
| 8:10 | Build | Mining Camp |
| 8:31 | Research | Feudal Age |
| 8:58 | Create | Villager (Male) |
| 9:05 | Build | Barracks |
| 9:07 | Build | House |
| 9:37 | Create | Villager (Male) |
| 9:38 | Create | Villager (Male) |
| 9:38 | Create | Villager (Male) |
| 10:41 | Age | Feudal Age |
| 10:43 | Build | Stable |
| 11:33 | Build | Blacksmith |
| 11:42 | Create | Scout Cavalry |
| 11:42 | Create | Scout Cavalry |
| 12:04 | Research | Horse Collar |
| 12:06 | Research | Double-Bit Axe |
| 13:43 | Build | Farm |
| 13:44 | Build | Farm |
| 13:45 | Build | Farm |
| 13:47 | Build | Farm |
| 13:48 | Build | Farm |
| 13:50 | Build | Farm |
| 14:44 | Build | Farm |
| 15:20 | Build | Farm |
| 15:25 | Build | Farm |
| 15:47 | Build | Market |
| 15:50 | Build | House |
| 15:51 | Build | House |
| 15:59 | Build | House |
| 16:00 | Build | House |
| 16:25 | Build | Farm |
| 16:29 | Research | Castle Age |
| 16:36 | Build | Farm |
| 16:47 | Create | Scout Cavalry |
| 17:14 | Create | Scout Cavalry |
| 18:07 | Research | Scale Barding Armor |
| 19:09 | Age | Castle Age |
| 19:13 | Build | Town Center |
| 19:22 | Build | Town Center |
| 19:37 | Create | Knight |
| 19:38 | Create | Knight |
| 20:08 | Create | Villager (Male) |
| 20:09 | Create | Villager (Male) |
| 20:09 | Create | Villager (Male) |
| 20:33 | Research | Chain Barding Armor |
| 20:57 | Create | Villager (Male) |
| 20:57 | Create | Villager (Male) |
| 21:20 | Build | Farm |
| 21:23 | Create | Villager (Male) |
| 21:25 | Create | Villager (Male) |
| 21:27 | Build | Farm |
| 21:56 | Create | Knight |
| 22:01 | Create | Knight |
| 22:06 | Build | Farm |
| 22:10 | Build | Farm |
| 22:11 | Build | Farm |
| 22:16 | Create | Villager (Male) |
| 22:21 | Build | Farm |
| 22:26 | Create | Villager (Male) |
| 22:40 | Create | Villager (Male) |
| 22:52 | Create | Knight |
| 22:59 | Create | Villager (Male) |
| 23:03 | Create | Villager (Male) |
| 23:19 | Create | Villager (Male) |
| 23:32 | Create | Knight |
| 23:35 | Create | Villager (Male) |
| 23:48 | Create | Villager (Male) |
| 24:31 | Research | Forging |
| 24:32 | Create | Knight |
| 24:34 | Create | Villager (Male) |
| 25:14 | Research | Wheelbarrow |
| 25:16 | Create | Villager (Male) |
| 25:23 | Create | Villager (Male) |
| 25:30 | Create | Villager (Male) |
| 25:59 | Research | Husbandry |
| 26:06 | Build | Archery Range |
| 26:10 | Build | University |
| 26:34 | Create | Villager (Male) |
| 26:34 | Create | Villager (Male) |
| 26:35 | Create | Villager (Male) |
| 26:38 | Create | Villager (Male) |
| 27:00 | Build | Monastery |
| 27:07 | Create | Villager (Male) |
| 27:07 | Create | Villager (Male) |
| 27:08 | Create | Villager (Male) |
| 27:12 | Build | Farm |
| 27:17 | Build | Farm |
| 27:19 | Create | Villager (Male) |
| 27:34 | Build | Castle |
| 27:38 | Create | Villager (Male) |
| 27:43 | Create | Villager (Male) |
| 27:44 | Create | Villager (Male) |
| 27:48 | Build | Farm |
| 27:57 | Build | Farm |
| 27:59 | Create | Villager (Male) |
| 28:02 | Build | House |
| 28:04 | Build | House |
| 28:35 | Build | Farm |
| 28:36 | Build | Farm |
| 29:01 | Create | Villager (Male) |
| 29:01 | Create | Villager (Male) |
| 29:10 | Build | Farm |
| 29:10 | Build | Farm |
| 29:16 | Create | Monk |
| 29:28 | Create | Mangudai |
| 29:30 | Create | Mangudai |
| 29:35 | Research | Fletching |
| 29:36 | Research | Padded Archer Armor |
| 29:38 | Research | Bloodlines |
| 29:53 | Create | Villager (Male) |
| 29:53 | Create | Villager (Male) |
| 29:53 | Create | Villager (Male) |
| 29:55 | Research | Town Watch |
| 29:57 | Create | Villager (Male) |
| 29:57 | Create | Villager (Male) |
| 30:06 | Create | Mangudai |
| 30:21 | Build | Siege Workshop |
| 30:31 | Create | Mangudai |
| 30:37 | Research | Bodkin Arrow |
| 30:40 | Create | Villager (Male) |
| 30:40 | Create | Villager (Male) |
| 30:42 | Create | Villager (Male) |
| 30:42 | Create | Villager (Male) |
| 30:46 | Create | Villager (Male) |
| 30:46 | Create | Villager (Male) |
| 30:50 | Build | Farm |
Build order — Ragemaster900
First 150 of 364 actions detected
| 0:02 | Create | Villager (Male) ×4 |
| 0:03 | Build | House |
| 0:05 | Build | House |
| 1:29 | Create | Villager (Male) |
| 1:57 | Build | Settlement |
| 2:02 | Create | Villager (Male) |
| 2:02 | Create | Villager (Male) |
| 2:26 | Create | Villager (Male) |
| 2:26 | Create | Villager (Male) |
| 2:50 | Create | Villager (Male) |
| 3:18 | Create | Villager (Male) |
| 3:18 | Create | Villager (Male) |
| 3:32 | Build | Settlement |
| 3:42 | Create | Villager (Male) |
| 3:42 | Create | Villager (Male) |
| 3:56 | Create | Villager (Male) |
| 3:56 | Create | Villager (Male) |
| 4:29 | Create | Villager (Male) |
| 4:37 | Build | House |
| 5:00 | Create | Villager (Male) |
| 5:01 | Create | Villager (Male) |
| 5:03 | Create | Villager (Male) |
| 5:22 | Create | Villager (Male) |
| 5:22 | Create | Villager (Male) |
| 5:34 | Create | Villager (Male) |
| 6:41 | Create | Villager (Male) |
| 6:58 | Build | Settlement |
| 7:01 | Create | Villager (Male) |
| 7:01 | Create | Villager (Male) |
| 7:08 | Build | Farm |
| 8:07 | Build | Farm |
| 8:18 | Research | Feudal Age |
| 8:19 | Research | Loom |
| 8:19 | Research | Loom |
| 8:22 | Build | Farm |
| 8:27 | Build | Farm |
| 10:00 | Create | Villager (Male) |
| 10:02 | Create | Villager (Male) |
| 10:32 | Age | Feudal Age |
| 10:34 | Build | Market |
| 10:38 | Build | Blacksmith |
| 10:54 | Build | Farm |
| 10:57 | Build | Farm |
| 11:25 | Research | Castle Age |
| 11:26 | Research | Castle Age |
| 11:52 | Research | Double-Bit Axe |
| 12:22 | Research | Horse Collar |
| 12:22 | Research | Horse Collar |
| 14:05 | Age | Castle Age |
| 14:11 | Build | Town Center |
| 14:14 | Create | Villager (Male) |
| 14:17 | Research | Bow Saw |
| 14:17 | Research | Bow Saw |
| 14:24 | Build | Town Center |
| 14:33 | Create | Villager (Male) |
| 14:47 | Build | Farm |
| 15:06 | Build | Siege Workshop |
| 15:07 | Create | Villager (Male) |
| 15:08 | Create | Villager (Male) |
| 15:20 | Build | Farm |
| 15:30 | Create | Villager (Male) |
| 15:49 | Build | Palisade Wall |
| 15:52 | Build | Palisade Wall |
| 15:55 | Build | Palisade Wall |
| 15:57 | Build | Palisade Wall |
| 16:01 | Build | Palisade Wall |
| 16:06 | Create | Villager (Male) |
| 16:07 | Create | Villager (Male) |
| 16:15 | Build | Palisade Gate |
| 16:36 | Create | Villager (Male) |
| 16:36 | Create | Villager (Male) |
| 16:46 | Create | Villager (Male) |
| 16:46 | Create | Villager (Male) |
| 16:53 | Build | Farm |
| 16:56 | Build | Farm |
| 16:56 | Build | Farm |
| 16:59 | Build | Farm |
| 17:01 | Create | Villager (Male) |
| 17:10 | Build | Farm |
| 17:13 | Create | Villager (Male) |
| 17:13 | Create | Villager (Male) |
| 17:14 | Create | Villager (Male) |
| 17:22 | Build | Farm |
| 17:24 | Create | Villager (Male) |
| 17:28 | Build | Farm |
| 17:58 | Build | House |
| 17:58 | Create | Villager (Male) |
| 17:59 | Create | Villager (Male) |
| 17:59 | Create | Villager (Male) |
| 18:03 | Build | House |
| 18:08 | Build | Farm |
| 18:11 | Build | Farm |
| 18:14 | Build | House |
| 18:15 | Build | House |
| 18:19 | Build | Farm |
| 18:20 | Create | Villager (Male) |
| 18:20 | Create | Villager (Male) |
| 18:29 | Research | Loom |
| 18:33 | Build | Farm |
| 18:42 | Create | Villager (Male) |
| 18:42 | Create | Villager (Male) |
| 18:54 | Build | Town Center |
| 18:56 | Build | Farm |
| 18:57 | Create | Villager (Male) |
| 18:57 | Create | Villager (Male) |
| 19:07 | Build | Farm |
| 19:22 | Build | Farm |
| 19:23 | Create | Villager (Male) |
| 19:27 | Research | Wheelbarrow |
| 19:27 | Research | Wheelbarrow |
| 19:34 | Build | Farm |
| 19:37 | Create | Villager (Male) |
| 19:45 | Build | House |
| 19:46 | Build | House |
| 19:49 | Build | Farm |
| 19:56 | Build | Farm |
| 20:01 | Create | Villager (Male) |
| 20:06 | Build | Farm |
| 20:10 | Research | Heavy Plow |
| 20:11 | Create | Villager (Male) |
| 20:23 | Create | Villager (Male) |
| 20:23 | Create | Villager (Male) |
| 20:29 | Build | Farm |
| 20:40 | Create | Villager (Male) |
| 20:40 | Create | Villager (Male) |
| 20:42 | Build | Farm |
| 20:49 | Build | House |
| 20:53 | Create | Villager (Male) |
| 20:53 | Create | Villager (Male) |
| 21:01 | Build | Farm |
| 21:02 | Build | Farm |
| 21:03 | Build | Farm |
| 21:08 | Build | Farm |
| 21:08 | Create | Villager (Male) |
| 21:09 | Create | Villager (Male) |
| 21:13 | Build | Farm |
| 21:29 | Create | Villager (Male) |
| 21:31 | Research | Hand Cart |
| 21:31 | Research | Hand Cart |
| 21:39 | Build | Farm |
| 21:42 | Build | Farm |
| 21:42 | Create | Villager (Male) |
| 21:43 | Create | Villager (Male) |
| 21:51 | Build | Farm |
| 21:53 | Create | Villager (Male) |
| 21:53 | Create | Villager (Male) |
| 21:54 | Create | Villager (Male) |
| 21:54 | Create | Villager (Male) |
| 21:58 | Build | House |
| 22:06 | Create | Villager (Male) |
Build order — Mezsar
First 150 of 225 actions detected
| 0:01 | Create | Villager (Male) |
| 0:02 | Build | House |
| 0:03 | Build | House |
| 0:15 | Create | Villager (Male) |
| 0:15 | Create | Villager (Male) |
| 0:16 | Create | Villager (Male) |
| 0:16 | Create | Villager (Male) |
| 1:51 | Create | Villager (Male) |
| 2:08 | Create | Villager (Male) |
| 2:42 | Create | Villager (Male) |
| 2:43 | Create | Villager (Male) |
| 2:43 | Create | Villager (Male) |
| 2:48 | Build | House |
| 2:50 | Build | House |
| 3:32 | Create | Villager (Male) |
| 3:36 | Build | Lumber Camp |
| 3:49 | Create | Villager (Male) |
| 4:26 | Create | Villager (Male) |
| 4:26 | Create | Villager (Male) |
| 4:52 | Create | Villager (Male) |
| 5:31 | Create | Villager (Male) |
| 6:00 | Build | Mining Camp |
| 6:05 | Create | Villager (Male) |
| 6:30 | Create | Villager (Male) |
| 6:58 | Research | Loom |
| 7:29 | Research | Feudal Age |
| 7:49 | Build | Barracks |
| 8:47 | Build | House |
| 9:36 | Create | Villager (Male) |
| 9:39 | Age | Feudal Age |
| 9:42 | Build | Archery Range |
| 9:46 | Research | Double-Bit Axe |
| 10:01 | Create | Villager (Male) |
| 10:10 | Create | Spearman |
| 10:30 | Create | Villager (Male) |
| 10:36 | Build | Archery Range |
| 10:37 | Create | Archer |
| 10:48 | Create | Villager (Male) |
| 10:58 | Build | House |
| 11:02 | Build | House |
| 11:05 | Create | Archer |
| 11:10 | Create | Villager (Male) |
| 11:17 | Create | Archer |
| 11:50 | Create | Villager (Male) |
| 11:52 | Create | Archer |
| 12:00 | Create | Archer |
| 12:16 | Create | Villager (Male) |
| 12:24 | Create | Archer |
| 12:35 | Build | House |
| 12:42 | Create | Villager (Male) |
| 12:56 | Build | Blacksmith |
| 13:04 | Create | Archer |
| 13:04 | Create | Archer |
| 13:11 | Create | Villager (Male) |
| 13:15 | Build | Mill |
| 13:25 | Create | Archer |
| 13:33 | Build | House |
| 13:37 | Build | Palisade Gate |
| 13:44 | Create | Villager (Male) |
| 13:54 | Create | Villager (Male) |
| 13:56 | Create | Archer |
| 14:02 | Build | Palisade Wall |
| 14:07 | Research | Fletching |
| 14:10 | Create | Archer |
| 14:10 | Create | Archer |
| 14:20 | Build | House |
| 14:22 | Build | Farm |
| 14:22 | Build | Farm |
| 14:23 | Build | Farm |
| 14:23 | Build | Farm |
| 14:23 | Build | Farm |
| 14:23 | Build | Farm |
| 14:25 | Create | Villager (Male) |
| 14:46 | Create | Archer |
| 14:57 | Create | Archer |
| 15:10 | Create | Archer |
| 15:11 | Create | Villager (Male) |
| 15:19 | Build | Farm |
| 15:19 | Build | Farm |
| 15:20 | Build | Farm |
| 15:20 | Build | Farm |
| 15:40 | Create | Archer |
| 15:40 | Create | Archer |
| 15:40 | Create | Archer |
| 15:41 | Create | Archer |
| 15:41 | Create | Archer |
| 15:50 | Create | Archer |
| 15:53 | Research | Padded Archer Armor |
| 16:09 | Create | Archer |
| 16:09 | Create | Archer |
| 16:20 | Create | Archer |
| 16:21 | Create | Archer |
| 16:23 | Create | Villager (Male) |
| 16:38 | Research | Wheelbarrow |
| 16:41 | Build | Farm |
| 16:42 | Build | Farm |
| 16:44 | Create | Archer |
| 17:08 | Create | Archer |
| 17:08 | Create | Archer |
| 17:17 | Create | Archer |
| 17:29 | Create | Villager (Male) |
| 17:34 | Build | Stone Wall |
| 17:47 | Create | Villager (Male) |
| 17:51 | Build | Farm |
| 17:51 | Build | Farm |
| 17:53 | Create | Archer |
| 17:53 | Create | Archer |
| 18:43 | Create | Archer |
| 18:43 | Create | Archer |
| 18:47 | Create | Villager (Male) |
| 19:09 | Create | Villager (Male) |
| 19:21 | Create | Villager (Male) |
| 19:22 | Create | Archer |
| 19:22 | Create | Archer |
| 19:40 | Build | Farm |
| 19:41 | Build | Farm |
| 19:41 | Build | Farm |
| 19:43 | Build | Farm |
| 19:43 | Build | Farm |
| 19:46 | Build | House |
| 19:47 | Build | House |
| 20:03 | Create | Archer |
| 20:03 | Create | Archer |
| 20:14 | Create | Villager (Male) |
| 21:10 | Research | Castle Age |
| 21:10 | Research | Castle Age |
| 21:37 | Build | Mining Camp |
| 21:40 | Research | Horse Collar |
| 21:43 | Create | Villager (Male) |
| 21:58 | Create | Archer |
| 21:59 | Create | Archer |
| 21:59 | Create | Archer |
| 22:21 | Create | Archer |
| 22:21 | Create | Archer |
| 22:24 | Build | House |
| 22:48 | Create | Archer |
| 23:00 | Build | House |
| 23:02 | Build | House |
| 23:22 | Create | Archer |
| 23:29 | Build | Archery Range |
| 23:50 | Age | Castle Age |
| 23:53 | Research | Crossbowman (upgrade) |
| 23:54 | Research | Bodkin Arrow |
| 24:17 | Create | Archer |
| 24:17 | Create | Archer |
| 24:18 | Research | Thumb Ring |
| 24:38 | Create | Archer |
| 24:56 | Create | Villager (Male) |
| 24:56 | Create | Villager (Male) |
| 24:57 | Create | Villager (Male) |
Build order — Lord Snow
First 150 of 202 actions detected
| 0:00 | Create | Villager (Male) |
| 0:01 | Create | Villager (Male) |
| 0:01 | Create | Villager (Male) |
| 0:03 | Build | House |
| 0:05 | Build | House |
| 0:12 | Create | Villager (Male) |
| 1:29 | Create | Villager (Male) |
| 1:30 | Create | Villager (Male) |
| 2:04 | Build | Lumber Camp |
| 2:04 | Create | Villager (Male) |
| 2:28 | Create | Villager (Male) |
| 2:50 | Create | Villager (Male) |
| 3:15 | Build | House |
| 3:22 | Create | Villager (Male) |
| 3:22 | Create | Villager (Male) |
| 3:42 | Create | Villager (Male) |
| 4:10 | Create | Villager (Male) |
| 4:27 | Create | Villager (Male) |
| 4:56 | Create | Villager (Male) |
| 5:30 | Build | Barracks |
| 5:41 | Create | Villager (Male) |
| 5:43 | Research | Loom |
| 6:26 | Build | House |
| 6:31 | Research | Feudal Age |
| 7:02 | Build | House |
| 7:28 | Create | Villager (Male) |
| 7:42 | Build | Mining Camp |
| 8:10 | Build | Palisade Wall |
| 8:16 | Create | Villager (Male) |
| 8:17 | Create | Villager (Male) |
| 8:30 | Build | House |
| 8:50 | Age | Feudal Age |
| 8:54 | Build | Archery Range |
| 9:02 | Research | Double-Bit Axe |
| 9:02 | Research | Double-Bit Axe |
| 9:12 | Create | Spearman |
| 9:14 | Create | Villager (Male) |
| 9:41 | Build | Mill |
| 9:48 | Build | Palisade Wall |
| 9:58 | Create | Villager (Male) |
| 10:02 | Create | Archer ×2 |
| 10:18 | Build | Palisade Wall |
| 10:33 | Create | Villager (Male) |
| 10:41 | Create | Archer |
| 11:04 | Build | Blacksmith |
| 11:24 | Build | House |
| 11:26 | Create | Villager (Male) |
| 11:26 | Create | Villager (Male) |
| 11:33 | Build | Farm |
| 11:49 | Create | Villager (Male) |
| 12:02 | Build | Farm |
| 12:10 | Build | Farm |
| 12:21 | Create | Archer |
| 12:21 | Create | Archer |
| 12:26 | Research | Fletching |
| 12:45 | Build | Farm |
| 12:47 | Create | Archer |
| 12:48 | Create | Archer |
| 12:57 | Create | Villager (Male) |
| 13:02 | Build | Farm |
| 13:15 | Build | House |
| 13:16 | Build | House |
| 13:18 | Create | Villager (Male) |
| 13:23 | Create | Archer |
| 13:28 | Build | Farm |
| 14:04 | Create | Villager (Male) |
| 14:06 | Create | Archer |
| 14:09 | Build | Farm |
| 14:18 | Create | Villager (Male) |
| 14:28 | Build | House |
| 14:35 | Build | House |
| 14:41 | Create | Archer |
| 14:41 | Create | Archer |
| 14:55 | Research | Padded Archer Armor |
| 14:55 | Create | Villager (Male) |
| 14:56 | Create | Villager (Male) |
| 15:24 | Create | Villager (Male) |
| 15:26 | Build | Farm |
| 15:28 | Build | Farm |
| 15:33 | Build | House |
| 15:35 | Create | Villager (Male) |
| 15:40 | Build | Farm |
| 15:58 | Build | House |
| 16:08 | Create | Villager (Male) |
| 16:12 | Build | Farm |
| 16:22 | Build | House |
| 16:28 | Create | Archer |
| 16:29 | Create | Villager (Male) |
| 16:45 | Build | Farm |
| 16:49 | Build | Farm |
| 16:52 | Build | Farm |
| 17:01 | Create | Archer |
| 17:09 | Create | Villager (Male) |
| 17:14 | Build | Farm |
| 18:01 | Research | Castle Age |
| 18:01 | Research | Castle Age |
| 18:08 | Build | Archery Range |
| 18:16 | Create | Archer |
| 18:16 | Create | Archer |
| 18:35 | Research | Horse Collar |
| 19:07 | Create | Villager (Male) |
| 19:07 | Create | Villager (Male) |
| 19:12 | Create | Archer ×4 |
| 19:26 | Research | Gold Mining |
| 19:46 | Create | Villager (Male) |
| 19:51 | Create | Archer ×3 |
| 20:31 | Create | Villager (Male) |
| 20:41 | Age | Castle Age |
| 20:44 | Research | Crossbowman (upgrade) |
| 20:48 | Build | University |
| 20:52 | Research | Bodkin Arrow |
| 21:03 | Research | Bow Saw |
| 21:17 | Create | Villager (Male) |
| 21:32 | Build | Town Center |
| 21:44 | Create | Villager (Male) |
| 21:58 | Research | Ballistics |
| 21:58 | Research | Ballistics |
| 21:58 | Research | Ballistics |
| 22:09 | Create | Villager (Male) |
| 22:17 | Build | House |
| 22:20 | Create | Archer ×2 |
| 22:31 | Build | Palisade Gate |
| 22:56 | Create | Villager (Male) |
| 22:56 | Create | Villager (Male) |
| 23:03 | Create | Villager (Male) ×4 |
| 23:09 | Build | Archery Range |
| 23:16 | Create | Archer ×4 |
| 23:27 | Build | House |
| 23:28 | Build | House |
| 23:29 | Build | House |
| 23:30 | Build | House |
| 23:31 | Build | House |
| 23:37 | Create | Villager (Male) |
| 23:52 | Build | Farm |
| 24:03 | Build | House |
| 24:56 | Create | Archer ×5 |
| 24:57 | Create | Archer ×5 |
| 25:12 | Create | Villager (Male) |
| 25:12 | Create | Villager (Male) |
| 25:20 | Build | Archery Range |
| 25:30 | Research | Leather Archer Armor |
| 25:32 | Create | Archer ×4 |
| 26:11 | Create | Archer ×4 |
| 26:12 | Create | Archer ×4 |
| 26:24 | Create | Villager (Male) |
| 26:25 | Create | Villager (Male) |
| 26:25 | Create | Villager (Male) |
| 26:28 | Build | Farm |
| 26:28 | Build | Farm |
| 26:28 | Build | Farm |
Match timeline
| 5:30 | Lord Snow · first_building Barracks |
| 6:08 | Conqurues · wall_segment Palisade Wall x16 |
| 7:01 | From Dust · first_building Barracks |
| 7:49 | Mezsar · first_building Barracks |
| 7:55 | Conqurues · wall_segment Palisade Wall x1 |
| 7:57 | Conqurues · wall_segment Palisade Wall x10 |
| 8:10 | Lord Snow · wall_segment Palisade Wall x1 |
| 8:35 | VIT | Hera · wall_segment Palisade Wall x11 |
| 8:36 | From Dust · age_up feudal |
| 8:37 | From Dust · first_building Stable |
| 8:50 | Lord Snow · age_up feudal |
| 8:54 | Lord Snow · first_building Archery Range |
| 9:00 | Conqurues · first_building Barracks |
| 9:05 | Burt · first_building Barracks |
| 9:25 | Conqurues · age_up feudal |
| 9:38 | VIT | Hera · first_building Barracks |
| 9:39 | Mezsar · age_up feudal |
| 9:42 | Mezsar · first_building Archery Range |
| 9:42 | Conqurues · first_building Archery Range |
| 9:48 | Lord Snow · wall_segment Palisade Wall x6 |
| 10:00 | Conqurues · wall_segment Palisade Wall x3 |
| 10:18 | Lord Snow · wall_segment Palisade Wall x14 |
| 10:32 | Ragemaster900 · age_up feudal |
| 10:41 | Burt · age_up feudal |
| 10:43 | Burt · first_building Stable |
| 10:58 | VIT | Hera · age_up feudal |
| 10:59 | VIT | Hera · first_building Archery Range |
| 11:05 | Khoron · age_up feudal |
| 14:02 | Mezsar · wall_segment Palisade Wall x1 |
| 14:05 | Ragemaster900 · age_up castle |
| 15:06 | Ragemaster900 · first_building Siege Workshop |
| 15:12 | Khoron · age_up castle |
| 15:49 | Ragemaster900 · wall_segment Palisade Wall x1 |
| 15:52 | Ragemaster900 · wall_segment Palisade Wall x1 |
| 15:55 | Ragemaster900 · wall_segment Palisade Wall x1 |
| 15:57 | Ragemaster900 · wall_segment Palisade Wall x1 |
| 16:01 | VIT | Hera · wall_segment Palisade Wall x1 |
| 16:01 | Ragemaster900 · wall_segment Palisade Wall x1 |
| 17:34 | Mezsar · wall_segment Stone Wall x1 |
| 18:37 | Ragemaster900 · first_market_buy 100 stone |
| 19:09 | Burt · age_up castle |
| 19:32 | From Dust · age_up castle |
| 20:15 | From Dust · first_building Siege Workshop |
| 20:32 | VIT | Hera · age_up castle |
| 20:41 | Lord Snow · age_up castle |
| 21:42 | From Dust · first_market_sell 100 stone |
| 23:50 | Mezsar · age_up castle |
| 23:53 | Conqurues · age_up castle |
| 23:57 | VIT | Hera · wall_segment Palisade Wall x1 |
| 24:07 | Ragemaster900 · first_building Barracks |
| 24:57 | VIT | Hera · wall_segment Palisade Wall x1 |
| 25:05 | Khoron · first_building Barracks |
| 25:34 | Ragemaster900 · first_market_sell 100 food |
| 26:06 | Burt · first_building Archery Range |
| 26:15 | Khoron · first_building Stable |
| 26:44 | From Dust · first_market_buy 100 wood |
| 27:00 | Burt · first_building Monastery |
| 27:21 | Khoron · first_market_sell 100 food |
| 27:24 | Khoron · first_market_buy 100 food |
| 27:34 | Burt · first_building Castle |
| 27:37 | VIT | Hera · first_building Monastery |
| 28:56 | Ragemaster900 · age_up imperial |
| 29:19 | Khoron · first_building Monastery |
| 30:13 | Khoron · first_building Castle |
| 30:15 | Ragemaster900 · first_building Castle |
| 30:21 | Burt · first_building Siege Workshop |
| 30:59 | Khoron · first_building Archery Range |
| 31:06 | Conqurues · first_building Monastery |
| 31:22 | Lord Snow · first_building Siege Workshop |
| 31:28 | Mezsar · wall_segment Stone Wall x1 |
| 31:59 | Mezsar · first_building Castle |
| 32:00 | From Dust · wall_segment Palisade Wall x1 |
| 32:03 | From Dust · wall_segment Palisade Wall x1 |
| 32:41 | VIT | Hera · first_market_sell 500 wood |
| 33:30 | From Dust · resign |
| 33:56 | Khoron · age_up imperial |
| 34:18 | Khoron · first_building Siege Workshop |
[ AI ANALYSIS · 1 CREDIT ]
What really happened in this match?
Wolo.gg analyzes every decision: build order, eco, micro, common mistakes by bracket. Personalized analysis on WhatsApp or Discord in 30 seconds.
Civ guide
Italians
Perfil
Jugador #5384413